 Dungeon Crawl Stone Soup version 0.23-a0-315-ga85b81c (webtiles) character file.

12 Amnesiac the Digger (level 2, -18/22 HPs)
             Began as a Deep Dwarf Earth Elementalist on Oct 13, 2018.
             Demolished by an ogre
             ... wielding a +0 giant spiked club
              (27 damage)
             ... on level 4 of the Dungeon.
             The game lasted 00:01:51 (451 turns).

Amnesiac the Digger (Deep Dwarf Earth Elementalist)  Turns: 451, Time: 00:01:52

Health: -18/22     AC:  2    Str: 11    XL:     2   Next: 20%
Magic:  3/5        EV: 12    Int: 15    God:
Gold:   25         SH:  0    Dex: 13    Spells: 2/5 levels left

rFire    . . .     SeeInvis .   b - +0 hunting sling
rCold    . . .     Gourm    .   (no shield)
rNeg     . . .     Faith    .   c - +0 robe
rPois    .         Spirit   .   (no helmet)
rElec    .         Reflect  .   (no cloak)
rCorr    .         Harm     .   (no gloves)
MR       .....                  (no boots)
Stlth    ++........             (no amulet)
HPRegen  0.00/turn              (no ring)
MPRegen  0.09/turn              (no ring)

@: very slightly contaminated, non-regenerating
A: damage resistance, heal wounds, sense surroundings 1, no regeneration
a: Heal Wounds


You were on level 4 of the Dungeon.
You were not hungry.

You visited 1 branch of the dungeon, and saw 4 of its levels.

You collected 25 gold pieces.

Inventory:

Hand Weapons
 a - a +0 dagger
 b - a +0 hunting sling (weapon)
Missiles
 f - 67 stones (quivered)
Armour
 c - a +0 robe (worn)
Scrolls
 g - a scroll of teleportation {!r, unknown}
Potions
 h - 2 potions of heal wounds {!q, unknown}
Comestibles
 d - a ration
 e - 9 chunks of flesh


   Skills:
 - Level 2.1 Dodging
 + Level 3.5 Stealth
 - Level 2.0 Spellcasting
 - Level 0.8 Transmutations
 - Level 4.0 Earth Magic


You had 2 spell levels left.
You knew the following spells:

 Your Spells              Type           Power        Failure   Level  Hunger
a - Sandblast             Erth           ##....       4%          1    #......
b - Passwall              Tmut/Erth      #.......     12%         2    ###....

Your spell library contained the following spells:

 Spells                   Type           Power        Failure   Level  Hunger
 Stone Arrow              Conj/Erth      #.....       28%         3    ###....
 Petrify                  Tmut/Erth      #.......     63%         4    #####..
 Lee's Rapid Deconstruct  Erth           ##........   75%         5    ######.


Dungeon Overview and Level Annotations

Branches:
Dungeon (4/15)
 Temple: D:4-7

Altars:

Annotations:
D:3 Sigmund
D:4 1 transporter, iamserjio's ghost, amateur KoTm


Innate Abilities, Weirdness & Mutations

You are resistant to damage.
You can heal yourself by infusing magical energy.
You passively map a small area around you.
You do not regenerate.


Message History

The hobgoblin hits you with a club.
Firing (i - inventory)
f - 62 stones (quivered)
Press: ? - help, Shift-Dir - straight line, f - hobgoblin
Aim: a hobgoblin, wielding a club (severely wounded)
You shoot a stone. The stone hits the hobgoblin.
You kill the hobgoblin!
No target in view!
No target in view!
f - 65 stones (gained 4)
Things that are here:
a club; a hobgoblin corpse; an orc corpse You butcher the hobgoblin corpse.
e - 8 chunks of flesh (gained 3)
You butcher the orc corpse.
e - 9 chunks of flesh (gained 1)
Things that are here:
a club; a hobgoblin skeleton; an orc skeleton
Things that are here:
a club; a hobgoblin skeleton; an orc skeleton An orc comes into view.
It is wielding a whip.
The orc moves out of view.
f - 66 stones (gained 1)
f - 68 stones (gained 2)
An orc priest comes into view. It is wielding a hand axe.
An orc comes into view.
The orc shouts!
You hear a shout! x2; You hear an angry hiss.
An orc comes into view. It is wielding a dagger.
You see here a dagger.
Things that are here:
a club; a hobgoblin skeleton; an orc skeleton The orc priest miscasts a cantrip.
There is a stone staircase leading down here.
You climb downwards.
An orc wizard comes into view. It is wielding a dagger.
Found a ring mail.
Found an escape hatch in the floor.
There is a stone staircase leading up here.
Found a stone staircase leading up.
Found a transporter.
Found a scroll labeled FOLELY VIZADE.
Found a ring of dexterity and 18 arrows.
An ogre comes into view. It is wielding a giant spiked club.
The quasit gives a chilling moan.
The ogre shouts!
Found 8 gold pieces.
Casting: Sandblast (safe; 4% risk of failure)
Confirm with . or Enter, or press ? or * to list all spells.
Aiming: Sandblast (safe; 4% risk of failure)
Press: ? - help, Shift-Dir - straight line, f - ogre
Aim: an ogre, wielding a giant spiked club You miscast Sandblast.
You are very lightly contaminated with residual magic.
Nothing appears to happen.
The quasit gives a chilling moan.
Unknown command.
Casting: Sandblast (safe; 4% risk of failure)
Confirm with . or Enter, or press ? or * to list all spells.
Aiming: Sandblast (safe; 4% risk of failure)
Press: ? - help, Shift-Dir - straight line, f/p - ogre
Aim: an ogre, wielding a giant spiked club The blast of sand hits the ogre.
The ogre is moderately wounded.
f - 67 stones The ogre hits you with a giant spiked club!!
Ouch! That really hurt!
You die...

...###....... *
###........##.#
, ** ,
#..........#..#,
, #..<.....[#..#
, ####.........#
,* #.........# ,
#......># ##.#
,, ©
#.......#..#$#.
#######@..©#5=.
#...O....#5.#
#.####(.##W.. ,,
..#,,#. , * * *
#.# , , .#* * *
.. , #.. , ,


You could see an ogre, 2 quasits and iamserjio's ghost.

Vanquished Creatures
  An orc (D:3)
  2 hobgoblins (D:3)
  2 kobolds (D:3)
  A quokka (D:3)
  3 bats (D:3)
  2 goblins (D:3)
11 creatures vanquished.

Notes
Turn   | Place    | Note
-------+----------+-------------------------------------------
     0 | D:1      | Amnesiac the Deep Dwarf Earth Elementalist began the quest
                  | for the Orb.
     0 | D:1      | Reached XP level 1. HP: 15/15 MP: 3/3
   287 | D:3      | Noticed Sigmund
   323 | D:3      | Reached XP level 2. HP: 14/22 MP: 5/5
   328 | D:3      | Learned a level 2 spell: Passwall
   445 | D:4      | Found a transporter.
   448 | D:4      | Noticed iamserjio's ghost (amateur KoTm)
   449 | D:4      | Noticed an ogre
   451 | D:4      | Demolished by an ogre

Vault maps used:
D:1:      dpeg_arrival_pits
D:2:      kiku_gazebo_garden_becter, first_ration
D:3:      marbit_many_paths, lemuel_crystal_altar, serial_co_window_serial,
          co_window_of_opportunity_a, co_window_corner_a, co_window_corner_a,
          co_window_paths_b, co_window_paths_b, co_window_corner_a,
          co_window_corner_cb, co_window_corner_cb, co_window_of_opportunity_b,
          co_window_unsneaky_path_e, co_window_corner_b, co_window_paths_c,
          co_window_2corner, co_window_sun, uniq_sigmund
D:4:      gammafunk_ghost_stat_death, serial_shops, shop

Skill      XL: |  1 |
---------------+----+-----
Spellcasting   | 2 |  2.0
Stealth        | 3 |  3.5
Dodging        | |  2.1
Transmutations | |  0.8
Earth Magic    | |  4.0

Action                   || total
-------------------------++-------
Melee: Unarmed           ||    17
 Fire: Hunting sling     ||    34
 Cast: Sandblast         ||     3
Armor: Robe              ||    16
Dodge: Dodged            ||    38

Table legend:
 A = Non-vault XP
 B = Vault XP
 C = Vault XP percentage of total XP
 D = Non-vault monster count
 E = Vault monster count
 F = Vault count percentage of total count
                 A         B        C        D         E       F
            +---------+---------+-------+---------+---------+-------
      Total |      18 |       0 |   0.0 |      11 |       0 |   0.0
            +---------+---------+-------+---------+---------+-------
        D:3 |      18 |       0 |   0.0 |      11 |       0 |   0.0
            +---------+---------+-------+---------+---------+-------
